 Dungeon Sprint DCSS version 0.31-a0-1071-gaead2f62b1 (webtiles) character file.

Game seed: 4219313018880284532

191 rocky1 the Basher (level 5, -7/58 HPs)
             Began as an Ogre Gladiator on Nov 26, 2023.
             Was an Initiate of Gozag.
             Mangled by a gnoll sergeant
             ... wielding a +3 trident of venom
              (12 damage)
             ... in the Dungeon (Sprint VII: "The Pits").
             The game lasted 00:01:17 (342 turns).

rocky1 the Basher (Ogre Gladiator)                   Turns: 342, Time: 00:01:18

Health: -7/58      AC:  3    Str: 18    XL:     5   Next: 70%
Magic:  5/5        EV: 12    Int:  9    God:    Gozag
Gold:   612        SH:  0    Dex: 12    Spells: 4/4 levels left

rFire   . . .        p - +2 flail (heavy)
rCold   . . .        (no shield)
rNeg    . . .        b - +0 robe
rPois   .            c - +0 hat
rElec   .            (no cloak)
rCorr   .            (gloves unavailable)
SInv    .            (boots unavailable)
Will    .....        (no amulet)
Stlth   +            (no ring)
HPRegen 0.29/turn    (no ring)
MPRegen 0.09/turn

%: no teleportation
@: lethally poisoned (-7 -> -25)
A: large, unfitting armour, tough skin 1
a: Renounce Religion, Potion Petition, Call Merchant, Bribe Branch


You were in the Dungeon.
You worshipped Gozag.
Gozag was pleased with you.
You visited 1 branch You collected 612 gold pieces.

Inventory:

Hand Weapons
 a - a +0 flail
 p - a +2 heavy flail (weapon)
Missiles
 d - 3 throwing nets (quivered)
 e - a large rock
Armour
 b - a +0 robe (worn)
 c - a +0 hat (worn)
Scrolls
 m - 2 scrolls of vulnerability
 n - 5 scrolls of amnesia
 o - a scroll of summoning
Potions
 f - 5 potions of curing
 g - 5 potions of heal wounds
 h - a potion of haste
 i - 4 potions of magic
 j - 2 potions of berserk rage
 l - 2 potions of invisibility


   Skills:
 - Level 5.6 Fighting
 + Level 8.0 Maces & Flails
 - Level 3.3 Throwing
 - Level 6.1 Dodging


You had 4 spell levels left.
You didn't know any spells.
Your spell library was empty.

Dungeon Overview and Level Annotations

Branches:
Dungeon (1/1)

Altars:
Ashenzari
Cheibriados
Dithmenos
Elyvilon
Fedhas
Gozag
Hepliaklqana
Kikubaaqudgha
Makhleb
Nemelex Xobeh
Okawaru
Qazlal
Ru
Sif Muna
Trog
Uskayaw
Vehumet
Wu Jian
Xom
Yredelemnul
Zin
The Shining One
Jiyva
Lugonu


Innate Abilities, Weirdness & Mutations

You are too large for most types of armour.
You have tough skin. (AC +1)


Message History

The jelly is distracted by your dazzling golden aura.
The gnoll sergeant hits you from afar with a +3 trident of venom!
You are more poisoned.
The phantom hits you.
The gnoll sergeant hits you from afar with a +3 trident of venom!
You are lethally poisoned!
Blink to where?
Press: ? - help, Dir - move target
As you read the scroll of blinking, it crumbles to dust.
You feel extremely sick.
You feel better.
You feel much better.
There is an open door here.
You sock the phantom!
The phantom is severely damaged.
The phantom misses you.
The gnoll sergeant hits you from afar with a +3 trident of venom.
You are poisoned.
You hit the phantom.
The phantom is severely damaged.
You feel very sick. The phantom hits you!
The gnoll sergeant closely misses you. The phantom barely misses you.
The gnoll sergeant hits you from afar with a +3 trident of venom.
You are more poisoned.
You closely miss the phantom.
The phantom is severely damaged.
You feel very sick.
The phantom hits you but does no damage.
The gnoll sergeant hits you from afar with a +3 trident of venom!
* * * LOW HITPOINT WARNING * * *
You are lethally poisoned!
You barely miss the phantom.
The phantom is severely damaged.
* * * LOW HITPOINT WARNING * * *
You feel extremely sick.
The phantom hits you but does no damage.
The gnoll sergeant hits you from afar with a +3 trident of venom!
You die...
Your body crumbles into a pile of gold.

############
#_________.#
#_________.#
#_______...#########
##########'##.......
#..(.')))'.##......#
##########.##.......
#.W@........'.......
#g#####'#####......#
#.#..#..#..##.......
#.#..'..'..#####'###
#.##'####+###.......
#W#........##.......
#g#........##.......
#s#####'#####...<...
#$#...)))[.##.......


You could see a phantom and a gnoll sergeant.

Vanquished Creatures
  A black bear (D)
  A scorpion (D)
  2 gnolls (D)
  A river rat (D)
  2 ball pythons (D)
  A bat skeleton (D)
  An endoplasm (D)
  3 giant cockroaches (D)
  A frilled lizard (D)
13 creatures vanquished.

Notes
Turn   | Place    | Note
-------+----------+-------------------------------------------
     0 | D        | rocky1 the Ogre Gladiator began the quest for the Orb.
     0 | D        | Reached XP level 1. HP: 22/22 MP: 1/1
    17 | D        | Reached skill level 3 in Maces & Flails
    21 | D        | Found a bloodstained altar of Trog.
    21 | D        | Found a shimmering blue altar of Sif Muna.
    21 | D        | Found a viscous altar of Jiyva.
    21 | D        | Found a hazy altar of Hepliaklqana.
    21 | D        | Found an opulent altar of Gozag.
    44 | D        | Found a glowing golden altar of the Shining One.
    44 | D        | Found a glowing silver altar of Zin.
    44 | D        | Found a basalt altar of Yredelemnul.
    44 | D        | Found a shimmering altar of Xom.
    44 | D        | Found an ornate altar of the Wu Jian Council.
    44 | D        | Found a sacrificial altar of Ru.
    44 | D        | Found a stormy altar of Qazlal.
    44 | D        | Found an iron altar of Okawaru.
    44 | D        | Found a sparkling altar of Nemelex Xobeh.
    44 | D        | Found a burning altar of Makhleb.
    44 | D        | Found a blossoming altar of Fedhas.
    44 | D        | Found a white marble altar of Elyvilon.
    44 | D        | Found a shadowy altar of Dithmenos.
    44 | D        | Found a snail-covered altar of Cheibriados.
    48 | D        | Found a corrupted altar of Lugonu.
    48 | D        | Found a radiant altar of Vehumet.
    49 | D        | Found a broken altar of Ashenzari.
    49 | D        | Found an ancient bone altar of Kikubaaqudgha.
    49 | D        | Found a hide-covered altar of Uskayaw.
    51 | D        | Became a worshipper of Gozag Ym Sagoz the Greedy
    82 | D        | Reached skill level 4 in Maces & Flails
    82 | D        | Reached XP level 2. HP: 22/31 MP: 2/2
   217 | D        | Noticed a black bear
   218 | D        | Noticed a scorpion
   228 | D        | Killed a black bear
   229 | D        | Reached skill level 6 in Maces & Flails
   229 | D        | Reached skill level 5 in Dodging
   229 | D        | Reached XP level 3. HP: 35/41 MP: 3/3
   229 | D        | Reached XP level 4. HP: 42/49 MP: 4/4
   231 | D        | Killed a scorpion
   232 | D        | Reached skill level 5 in Fighting
   232 | D        | Reached skill level 7 in Maces & Flails
   232 | D        | Reached XP level 5. HP: 51/58 MP: 5/5
   316 | D        | Noticed a phantom
   325 | D        | Reached skill level 8 in Maces & Flails
   342 | D        | Mangled by a gnoll sergeant

Illustrated notes

Levels and vault maps discovered:
D:        pitsprint [storerooms_1, entrance_room_1, metal_vault_1, armoury_1,
          mini_pit_1, grid_room_1, main_hall_1, silver_pit, the_coven_3,
          the_vestibule_1, steel_vault_5, golden_pit, hallway_of_sentries,
          crystal_vault_6, iron_vault_2, final_vault]

Skill      XL: |  1  2  3  4  5 |
---------------+----------------+-----
Maces & Flails | 4 6 7 8 |  8.0
Dodging        | 3 5 6 |  6.1
Fighting       | 3 4 5 |  5.6
Throwing       | 3 |  3.3

Action                     |  1- 3 |  4- 6 || total
---------------------------+-------+-------++-------
  Melee: Flail             |    21 |    13 ||    34
    Use: Potion            |     1 |     2 ||     3
         Scroll            |       |     1 ||     1
 Armour: Robe              |    20 |    14 ||    34
  Dodge: Dodged            |    11 |    13 ||    24

Table legend: (Time is in decaauts)
 A = Elapsed time spent in this place.
 B = Non-inter-level travel time spent in this place.
 C = Inter-level travel time spent in this place.
 D = Time resting spent in this place.
 E = Time spent auto-exploring this place.
 F = Levels seen in this place.
 G = Mean time per level.
                   A        B        C        D        E       F      G
               +--------+--------+--------+--------+--------+-----+--------+
         Total |    354 |    341 |     13 |    177 |      0 |   1 |  354.0 |
       Dungeon |    354 |    341 |     13 |    177 |      0 |   1 |  354.0 |
               +--------+--------+--------+--------+--------+-----+--------+

Top non-repeatable levels by time:
       D: 354 daAuts
